 Dungeon Crawl Stone Soup version 0.19-a0-1401-g902f63d (webtiles) character file.

146 4thArraOfDagon the Ruffian (level 5, -2/45 HPs)
             Began as a Troll Ice Elementalist on Sept 4, 2016.
             Was an Initiate of Ru.
             Slain by Grinder (6 damage)
             ... while paralysed by Grinder
             ... on level 4 of the Dungeon.
             The game lasted 00:03:10 (582 turns).

4thArraOfDagon the Ruffian (Troll Ice Elementalist)  Turns: 582, Time: 00:03:11

Health: -2/45      AC:  6    Str: 15 (16) XL:     5   Next: 7%
Magic:  5/5        EV:  1    Int: 11 (12) God:    Ru [......]
Gold:   43         SH:  0    Dex:  7 (10) Spells: 1 memorised, 5 levels left

rFire  . . .     SeeInvis .       - Unarmed
rCold  . . .     Gourm    +     a - +0 robe
rNeg   . . .     Faith    .     (no shield)
rPois  .         Spirit   .     (helmet restricted)
rElec  .         Dismiss  .     (no cloak)
rCorr  .         Reflect  .     (gloves unavailable)
MR     .....     Harm     .     (boots unavailable)
Stlth  +.........               (no amulet)
                                (no ring)
                                p - +1 ring of protection

@: paralysed, very slightly contaminated, hasted
A: unfitting armour, claws 3, fast metabolism 3, gourmand, regeneration 1,
shaggy fur 1, tough skin 2
a: Renounce Religion


You were on level 4 of the Dungeon.
You worshipped Ru.
Ru was noncommittal.
You were hungry.

You visited 1 branch of the dungeon, and saw 4 of its levels.

You collected 93 gold pieces.
You spent 50 gold pieces at shops.

Inventory:

Armour
 a - a +0 robe (worn)
Jewellery
 p - a +1 ring of protection (left claw)
Scrolls
 e - 2 scrolls of remove curse {unknown}
 f - a scroll of immolation {unknown}
 g - 3 scrolls of enchant weapon {unknown}
 h - 2 scrolls of blinking {unknown}
 k - a scroll of magic mapping {unknown}
 o - a scroll of amnesia {unknown}
 q - a scroll of identify {unknown}
 r - 2 scrolls of teleportation {unknown}
Potions
 j - 2 potions of degeneration
 l - a potion of ambrosia {unknown}
 n - a potion of mutation {unknown}
 s - a potion of lignification {unknown}
Books
 b - a book of Frost

   Spells                             Type                      Level
   a - Freeze                         Ice                          1
   b - Throw Frost                    Conjuration/Ice              2
   c - Ozocubu's Armour               Charms/Ice                   3
   d - Throw Icicle                   Conjuration/Ice              4
   e - Summon Ice Beast               Ice/Summoning                4
Comestibles
 c - 2 bread rations
 i - 2 meat rations
 t - a fruit


   Skills:
 - Level 1.5 Dodging
 - Level 1.1 Stealth
 * Level 4.8 Unarmed Combat
 - Level 1.2 Spellcasting
   Level 0.6 Conjurations
 - Level 2.1 Ice Magic


You had 5 spell levels left.
You knew the following spells:

 Your Spells              Type           Power        Failure   Level  Hunger
a - Freeze                Ice            #...         14%         1    ##.....


Dungeon Overview and Level Annotations

Branches:
Dungeon (4/15)
 Temple: D:4-7

Altars:
Ru

Shops:
D:4 =*

Annotations:
D:3 Sigmund
D:4 Grinder


Innate Abilities, Weirdness & Mutations

You are too large for most types of armour.
You have claws for hands.
Your metabolism is lightning-fast.
You like to eat raw meat.
Your natural rate of healing is unusually fast.
You are covered in fur. (AC +1)
You have very tough skin. (AC +2)


Message History

Grinder is lightly wounded.
Grinder hits you but does no damage.
It was a potion of degeneration.
There was something very wrong with that liquid.
You feel weakened.
You feel dopey.
You feel clumsy.
It was a potion of magic.
Magic courses through your body.
Unknown command.
You claw Grinder!
Grinder is moderately wounded.
Grinder gestures at you.
You suddenly lose the ability to move!
Grinder hits you! Grinder hits you. Grinder hits you.
You writhe in agony.
* * * LOW HITPOINT WARNING * * *
Grinder hits you but does no damage. Grinder hits you!
* * * LOW HITPOINT WARNING * * *
Grinder hits you.
You die...

................#
...#...........#
.###..##...#.###
.'∩#..##...#...
####.###...##### ####
#...# #########.####
.... ........########.##
..####..#.##.#K5@.......
...#.>.......#.#####.###
.......†....<.....# #
......†(##...#.##.##.#
.....#..##...#......
.............####.####
.....................#
.#.####...........##.#
##.# ###..........#.#


You could see Grinder and a kobold.

Vanquished Creatures
  A scorpion (D:4)
  Natasha (D:4)
  An iguana (D:4)
  An adder (D:3)
  An adder skeleton (D:4)
  A worm (D:2)
  5 orcs (D:3)
  2 goblins (D:3)
  A hobgoblin (D:1)
  5 jackals
  A quokka (D:3)
  A ball python (D:2)
  A bat (D:3)
  2 giant newts
  2 kobolds (D:3)
  3 rats (D:3)
29 creatures vanquished.

Notes
Turn   | Place    | Note
-------+----------+-------------------------------------------
     0 | D:1      | 4thArraOfDagon the Troll Ice Elementalist began the quest for the Orb.
     0 | D:1      | Reached XP level 1. HP: 16/16 MP: 1/1
   105 | D:3      | Reached skill level 1 in Unarmed Combat
   121 | D:3      | Reached XP level 2. HP: 24/24 MP: 2/2
   128 | D:3      | Reached skill level 2 in Unarmed Combat
   149 | D:3      | Found a sacrificial altar of Ru.
   187 | D:3      | Reached XP level 3. HP: 31/31 MP: 3/3
   256 | D:3      | Became a worshipper of Ru the Awakened
   304 | D:3      | Reached skill level 3 in Unarmed Combat
   385 | D:4      | Reached XP level 4. HP: 6/39 MP: 4/4
   404 | D:4      | Found Wuromol's Assorted Antiques.
   417 | D:4      | Bought a scroll labeled HADUAFE KEELOI for 25 gold pieces
   417 | D:4      | Bought a scroll labeled TUJUSY KILYKOURPH for 25 gold pieces
   431 | D:4      | Found Laediaf's Jewellery Emporium.
   432 | D:4      | Noticed Natasha
   445 | D:4      | Killed Natasha
   445 | D:4      | Reached skill level 4 in Unarmed Combat
   502 | D:4      | Reached XP level 5. HP: 45/45 MP: 5/5
   560 | D:3      | Noticed Grinder
   562 | D:3      | Noticed Sigmund
   576 | D:4      | Paralysed by Grinder for 6 turns
   582 | D:4      | Slain by Grinder

Vault maps used:
D:1:      minmay_arrival_arboretum_small, serial_park_tiny_2
D:2:      grunt_temple_overflow_forces_of_nature, kennysheep_slug_shrine,
          lemuel_round_altar, first_bread
D:3:      trog_eyes_of_draining, nicolae_ru_awakened_eye,
          uniq_crazy_yiuf_cottage, uniq_grinder, uniq_sigmund
D:4:      serial_shops, shop, nicolae_shop_window_shopping, uniq_natasha

Skill      XL: |  1  2  3  4 |
---------------+-------------+-----
Unarmed Combat | 1 2 3 4 |  4.8
Dodging        | |  1.5
Stealth        | |  1.1
Spellcasting   | |  1.2
Conjurations   | |  0.6
Ice Magic      | |  2.1

Action                   |  1- 3 |  4- 6 || total
-------------------------+-------+-------++-------
Melee: Unarmed           |    80 |    19 ||    99
  Use: Potion            |       |     3 ||     3
  Eat: Chunk             |       |     2 ||     2
Armor: Robe              |    23 |     9 ||    32
Dodge: Dodged            |    45 |     9 ||    54
